 Dungeon Crawl Stone Soup version 0.28-a0-1038-g9c4cb8273d (webtiles) character file.

Game seed: 11608774389729017367

961 garrulousMonolith the Chopper (level 8, 0/70 HPs)
             Began as a Hill Orc Fighter on Dec 9, 2021.
             Was a Follower of Beogh.
             Slain by a killer bee (2 damage)
             ... on level 5 of the Dungeon.
             The game lasted 00:07:15 (5117 turns).

garrulousMonolith the Chopper (Hill Orc Fighter)    Turns: 5117, Time: 00:07:16

Health: 0/70       AC:  9    Str: 19    XL:     8   Next: 15%
Magic:  11/11      EV:  7    Int: 14    God:    Beogh [*.....]
Gold:   217        SH:  4    Dex:  6    Spells: 7/7 levels left

rFire   . . .      SeeInvis .   s - +7 hand axe "Secvow" {venom, rC+ Int+4 Dex-4}
rCold   + . .      Faith    .   c - +0 buckler
rNeg    . . .      Spirit   .   d - +0 chain mail
rPois   .          Reflect  .   (no helmet)
rElec   .          Harm     .   (no cloak)
rCorr   .          Rampage  .   (no gloves)
Will    .....                   (no boots)
Stlth   ..........              (no amulet)
HPRegen 0.21/turn               r - +4 ring of slaying
MPRegen 0.12/turn               (no ring)

@: attractive
A: no striking features
a: Renounce Religion


You were on level 5 of the Dungeon.
You worshipped Beogh.
Beogh was aware of your devotion.
You visited 1 branch of the dungeon, and saw 5 of its levels.

You collected 217 gold pieces.

Inventory:

Hand Weapons
 a - a +0 war axe
 h - a +0 morningstar
 p - a +0 trident
 s - the +7 hand axe "Secvow" (weapon) {venom, rC+ Int+4 Dex-4}
   (You found it on level 4 of the Dungeon)

   It poisons the flesh of those it strikes.
   Int:       It affects your intelligence (+4).
   Dex:       It affects your dexterity (-4).
   rC:        It protects you from cold.
Missiles
 i - a throwing net
 o - 29 poisoned darts (quivered)
 q - 9 boomerangs
Armour
 b - a +0 scale mail
 c - a +0 buckler (worn)
 d - a +0 chain mail (worn)
Jewellery
 m - a ring of ice
 r - a +4 ring of slaying (left hand)
Scrolls
 e - a scroll of enchant weapon {unknown}
 f - a scroll of noise {unknown}
 g - 2 scrolls of teleportation
 k - 2 scrolls of amnesia {unknown}
 l - 3 scrolls of fog {unknown}
 n - a scroll of identify
 u - a scroll of fear {unknown}
Potions
 j - a potion of flight


   Skills:
 + Level 5.7 Fighting
 * Level 7.4 Axes
 + Level 5.0 Armour
 + Level 5.3 Shields
 + Level 4.4 Invocations


You had 7 spell levels left.
You didn't know any spells.
Your spell library was empty.

Dungeon Overview and Level Annotations

Branches:
Dungeon (5/15)             Temple (0/1) D:4

Altars:
Yredelemnul
The Shining One

Shops:
D:1 [   D:5 :


Message History

The killer bee stings you but does no damage.
You have reached level 8!
It was a potion of attraction.
You feel attractive to monsters.
You feel sick. You block the killer bee's attack.
The killer bee stings you but does no damage.
Your chain mail prevents you from hitting the killer bee.
You feel sick. The killer bee barely misses you. x2
You slash the killer bee!
The killer bee is poisoned.
The killer bee is almost dead.
You feel sick.
You kill the killer bee!
Beogh accepts your kill.
The killer bee stings you but does no damage.
You slash the killer bee!
The killer bee is poisoned.
The killer bee is severely wounded.
You feel sick.
You kill the killer bee!
Beogh accepts your kill.
The killer bee stings you but does no damage.
Your Armour skill increases to level 5!
You closely miss the killer bee.
You feel sick. The killer bee closely misses you.
You aren't carrying any items that you can evoke.
Okay, then.
You miss the killer bee.
You feel sick. The killer bee closely misses you.
The killer bee stings you but does no damage.
You hit the killer bee.
The killer bee is poisoned.
The killer bee is lightly wounded.
You feel sick. The killer bee closely misses you.
The killer bee barely misses you.
You slash the killer bee!
The killer bee is heavily wounded.
You feel sick. The killer bee barely misses you. x2
You barely miss the killer bee.
The killer bee is severely wounded.
You feel sick.
You are no longer poisoned.
The killer bee stings you.
You die...

#.. #.# #.# #.# #.# .#
##.## ####.# ....# ..#.#
....# #.#.# ###.# #@#y#
###.# #y#y# ....####
##.#.# .......# #...>#
.#####.#########.####.##
.# #.................#
.# #.######...........
.# #.# ##.#####...#
.#####.# #.# .##


You could see a killer bee (poisoned).

Vanquished Creatures
  A necrophage (D:4)
  An ogre (D:3)
  A kobold brigand (D:5)
  A scorpion (D:5)
  A water moccasin zombie (D:5)
  4 killer bees (D:5)
  A centaur zombie (D:5)
  A hound (D:5)
  4 bullfrog zombies
  A gnoll shaman (D:4)
  An iguana (D:5)
  3 gnolls (D:4)
  3 adders
  A howler monkey skeleton (D:4)
  2 worms
  4 dart slugs
  8 orcs
  6 endoplasms
  6 giant cockroaches
  4 goblins
  12 hobgoblins
  2 quokkas (D:1)
  4 ball pythons
  7 bats
  5 frilled lizards
  16 kobolds
  4 rats
104 creatures vanquished.

Vanquished Creatures (others)
  An orc (D:3)
  2 fungi (D:2)
3 creatures vanquished.

Grand Total: 107 creatures vanquished

Notes
Turn   | Place    | Note
-------+----------+-------------------------------------------
     0 | D:1      | garrulousMonolith the Hill Orc Fighter began the quest for
                  | the Orb.
     0 | D:1      | Reached XP level 1. HP: 19/19 MP: 1/1
   168 | D:1      | Reached skill level 3 in Axes
   177 | D:1      | Reached XP level 2. HP: 24/27 MP: 2/2
   336 | D:1      | Reached skill level 1 in Invocations
   457 | D:1      | Reached XP level 3. HP: 33/33 MP: 3/3
   619 | D:1      | Found Fonep's Antique Armour Shop.
  1277 | D:2      | Reached skill level 4 in Axes
  1277 | D:2      | Reached XP level 4. HP: 34/40 MP: 5/5
  1723 | D:2      | Found a faded altar of an unknown god.
  2329 | D:3      | Became a worshipper of Beogh the Brigand
  2353 | D:3      | Noticed an ogre
  2418 | D:3      | HP: 1/40 [ogre (24)]
  2422 | D:3      | Killed an ogre
  2423 | D:3      | Reached XP level 5. HP: 7/47 MP: 6/6
  3180 | D:4      | Noticed a necrophage
  3190 | D:4      | Killed a necrophage
  3191 | D:4      | Reached skill level 5 in Axes
  3191 | D:4      | Reached XP level 6. HP: 45/53 MP: 6/8
  3378 | D:4      | Found a staircase to the Ecumenical Temple.
  3896 | D:4      | Found a glowing golden altar of the Shining One.
  4312 | D:4      | Identified the +7 hand axe "Secvow" {venom, rC+ Int+4
                  | Dex-4}
  4472 | D:5      | Entered Level 5 of the Dungeon
  4496 | D:5      | Reached * piety under Beogh
  4497 | D:5      | Reached skill level 5 in Fighting
  4497 | D:5      | Reached skill level 6 in Axes
  4497 | D:5      | Reached XP level 7. HP: 60/61 MP: 9/9
  4763 | D:5      | Found Yzaxany's Book Emporium.
  4778 | D:5      | Reached skill level 5 in Shields
  5036 | D:5      | Found a basalt altar of Yredelemnul.
  5042 | D:5      | Reached skill level 7 in Axes
  5109 | D:5      | Reached XP level 8. HP: 13/69 MP: 11/11
  5113 | D:5      | Reached skill level 5 in Armour
  5116 | D:5      | HP: 3/70 [poisoned by a killer bee]
  5117 | D:5      | Slain by a killer bee

Illustrated notes

Levels and vault maps discovered:
D:1:      minmay_arrival_solitary_statue, layout_basic, serial_shops, shop
D:2:      layout_loops_ring, shapermc_ecumenical_altar_acropolis,
          wad_floor_pattern_2
D:3:      layout_loops_corners
D:4:      layout_loops_ring, nicolae_tso_carved_into_rock,
          minmay_temple_entry_antechambers, nicolae_ossuary_entry_ruins
D:5:      layout_loops_ring, nicolae_yredelemnul_corpse_copse,
          kennysheep_mini_moat, serial_shops, shop

Skill      XL: |  1  2  3  4  5  6  7  8 |
---------------+-------------------------+-----
Axes           | 3 4 5 6 7 |  7.4
Invocations    | 1 2 3 4 |  4.4
Fighting       | 4 5 |  5.7
Shields        | 4 5 |  5.3
Armour         | 4 5 |  5.0

Action                   |  1- 3 |  4- 6 |  7- 9 || total
-------------------------+-------+-------+-------++-------
Melee: War axe           |   102 |   173 |       ||   275
       Hand axe          |       |     6 |    62 ||    68
Throw: Dart              |       |     5 |       ||     5
Invok: Convert to Beogh  |       |     1 |       ||     1
  Use: Scroll            |       |     3 |       ||     3
       Potion            |       |     4 |     1 ||     5
Armor: Scale mail        |    35 |    52 |       ||    87
       Chain mail        |       |    25 |    26 ||    51
Dodge: Dodged            |    42 |    66 |    29 ||   137
Block: Buckler           |    18 |    42 |    13 ||    73

Table legend: (Time is in decaauts)
 A = Elapsed time spent in this place.
 B = Non-inter-level travel time spent in this place.
 C = Inter-level travel time spent in this place.
 D = Time resting spent in this place.
 E = Time spent auto-exploring this place.
 F = Levels seen in this place.
 G = Mean time per level.
                   A        B        C        D        E       F      G
               +--------+--------+--------+--------+--------+-----+--------+
         Total |   5195 |   5019 |    176 |    565 |   3356 |   5 | 1039.0 |
       Dungeon |   5195 |   5019 |    176 |    565 |   3356 |   5 | 1039.0 |
               +--------+--------+--------+--------+--------+-----+--------+

Top non-repeatable levels by time:
     D:3: 1425 daAuts
     D:4: 1308 daAuts
     D:1: 935 daAuts
     D:2: 882 daAuts
     D:5: 643 daAuts
